 Dungeon Crawl Stone Soup version 0.30.1-4-g462c640d31 (webtiles) character file.

Game seed: 13627334225518917907

44080 LynnLen the Unseen (level 13, -17/88 HPs)
             Began as a Spriggan Enchanter on Sept 9, 2023.
             Was an Initiate of Dithmenos.
             Demolished by a minotaur (36 damage)
             ... in a Gauntlet.
             The game lasted 01:09:36 (22938 turns).

LynnLen the Unseen (Spriggan Enchanter)            Turns: 22938, Time: 01:09:37

Health: -17/88     AC: 25    Str:  4    XL:     13   Next: 94%
Magic:  38/38      EV: 25    Int: 22    God:    Dithmenos [......]
Gold:   817        SH:  0    Dex: 15    Spells: 14/35 levels left

rFire   . . .        A - +3 dagger (chaos)
rCold   . . .        (no shield)
rNeg    + . .        b - melded +2 robe
rPois   ∞            (helmet restricted)
rElec   +            (no cloak)
rCorr   .            (gloves unavailable)
SInv    +            (boots unavailable)
Will    ++...        r - amulet "Ockivab" {RegenMP Regen+}
Stlth   ++++++       m - ring of magical power
HPRegen 1.14/turn    G - ring of wizardry
MPRegen 0.66/turn

%: no teleportation, wizardry (x1)
@: statue-form (expiring), hasted
A: slow and powerful, torment resistance 1, boosted hp, very small, no large
weapons, unfitting armour, see invisible, (speed 3)
a: End Transformation, Renounce Religion


You were in a Gauntlet.
You worshipped Dithmenos.
Dithmenos was noncommittal.
You were a living statue of rough stone.
You visited 3 branches of the dungeon, and saw 17 of its levels.
You also visited: Sewer and Gauntlet.

You collected 1147 gold pieces.
You spent 330 gold pieces at shops.

Inventory:

Hand Weapons
 a - a +1 dagger
 y - a +1 dagger of holy wrath
 A - a +3 dagger of chaos (weapon)
Missiles
 L - 3 throwing nets
Armour
 b - a +2 robe (melded)
Jewellery
 m - a ring of magical power (left fist)
 n - a ring of positive energy
 r - the amulet "Ockivab" (around neck) {RegenMP Regen+}
   (You found it in a Gauntlet)

   [amulet of magic regeneration]

   It increases your rate of magic regeneration.
   Regen:     It increases your rate of health regeneration.
 z - an amulet of reflection
 G - a ring of wizardry (right fist)
 K - a ring of resist corrosion
 M - the ring of Yendor {Fly Will+ Int+2 Dex+6}
   (You found it in a Gauntlet)

   [ring of flight]

   Int:       It affects your intelligence (+2).
   Dex:       It affects your dexterity (+6).
   Fly:       It grants you flight.
   Will:      It increases your willpower.
Wands
 o - a wand of digging (10)
 s - a wand of mindburst (6)
 u - a wand of charming (4)
 H - a wand of flame (19)
Scrolls
 h - a scroll of vulnerability {unknown}
 i - 2 scrolls of silence
 l - a scroll of poison
 p - 4 scrolls of teleportation
 q - 2 scrolls of fear
 t - 3 scrolls of amnesia
 v - 2 scrolls of fog
 x - 4 scrolls of magic mapping
 B - 4 scrolls of enchant weapon
 F - a scroll of immolation
 J - a scroll of blinking {unknown}
Potions
 c - 2 potions of lignification
 d - 2 potions of flight
 e - 5 potions of curing
 f - a potion of berserk rage
 j - 2 potions of mutation
 w - 7 potions of brilliance
 C - 2 potions of attraction
 D - a potion of ambrosia
 E - a potion of haste
 I - a potion of magic


   Skills:
 + Level 7.9 Fighting
 - Level 10.0 Short Blades
 + Level 12.8 Dodging
 + Level 15.0 Stealth
 + Level 11.6 Spellcasting
 - Level 9.0 Hexes
 - Level 3.4 Summonings
 + Level 8.4 Transmutations
 - Level 4.0 Ice Magic
 + Level 5.6 Earth Magic


You had 14 spell levels left.
You knew the following spells:

 Your Spells              Type           Power      Damage    Failure   Level
a - Ensorcelled Hibernat  Hex/Ice        82%        N/A       1%          2
b - Confusing Touch       Hex            51%        N/A       1%          3
c - Tukima's Dance        Hex            51%        N/A       1%          3
d - Cause Fear            Hex            25%        N/A       1%          4
e - Summon Guardian Gole  Hex/Summ       40%        N/A       1%          3
f - Statue Form           Tmut/Erth      28%        N/A       17%         6

Your spell library contained the following spells:

 Spells                   Type           Power      Damage    Failure   Level
 Summon Small Mammal      Summ           100%       N/A       1%          1
 Dazzling Flash           Conj/Hex       64%        N/A       1%          3
 Ignite Poison            Fire/Tmut/Pois 25%        N/A       1%          3
 Portal Projectile        Hex/Tloc       64%        N/A       1%          3
 Ice Form                 Ice/Tmut       40%        N/A       1%          4
 Leda's Liquefaction      Hex/Erth       22%        N/A       1%          4
 Blade Hands              Tmut           24%        N/A       1%          5
 Apportation              Tloc           24%        N/A       2%          1
 Necrotise                Necr           48%        1d6       2%          1
 Hailstorm                Conj/Ice       21%        3d6       2%          3
 Volatile Blastmotes      Fire/Tloc      24%        2d12      6%          3
 Lee's Rapid Deconstruct  Erth           18%        3d11*     6%          5
 Silence                  Hex/Air        16%        N/A       9%          5
 Alistair's Intoxication  Tmut/Pois      20%        N/A       11%         5
 Borgnjor's Vile Clutch   Necr/Erth      12%        N/A       17%         5
 Iskenderun's Mystic Bla  Conj/Tloc      12%        2d5       21%         4
 Eringya's Noxious Bog    Tmut/Pois      15%        N/A       45%         6
 Dragon Form              Tmut           24%        N/A       45%         7
 Agony                    Necr           12%        N/A       47%         5
 Simulacrum               Ice/Necr       10%        N/A       77%         6
 Starburst                Conj/Fire      6%         6d4       95%         6


Dungeon Overview and Level Annotations

Branches:
Dungeon (11/15)            Temple (1/1) D:4            Lair (5/5) D:8
 Shoals (0/4) Lair:2       Spider (0/4) Lair:3        Slime (0/5) Lair:4
    Orc (0/2) D:9           Sewer (visited)         Gauntlet (1/1)

Altars:
Ashenzari
Cheibriados
Dithmenos
Elyvilon
Fedhas
Gozag
Hepliaklqana
Kikubaaqudgha
Makhleb
Nemelex Xobeh
Okawaru
Qazlal
Ru
Sif Muna
Trog
Uskayaw
Vehumet
Wu Jian
Xom
Yredelemnul
Zin
The Shining One

Shops:
D:2 =

Portals:
Trove: D:10 (give 5 scrolls of fog)

Annotations:
D:5 1 runed translucent door, gummiwulf's ghost, novice HOBe
D:7 1 runed translucent door
Lair:1 2 transporters, 1 exclusion, riellis1's ghost, journeyman MiHu Gauntlet 8 transporters


Innate Abilities, Weirdness & Mutations

You are a living statue of rough stone.
Your actions are slow, but your melee attacks are powerful.
You are resistant to unholy torment.
Your maximum health is greatly increased.
You are immune to poison.
Your equipment is partially melded.
You are very small and have problems with some larger weapons.
You are too small for most types of armour.
You have supernaturally acute eyesight. (SInv)
((You cover ground extremely quickly. (Speed+++)))


Message History

The minotaur is moderately wounded.
The minotaur completely misses you. The minotaur barely misses you.
You hit the minotaur but do no damage. Lightning courses through the minotaur!
The minotaur is heavily wounded.
You hit the minotaur but do no damage.
Space warps around the minotaur.
The minotaur is heavily wounded.
The minotaur hits you but does no damage.
The minotaur gores you but does no damage.
You hit the minotaur but do no damage.
The minotaur is heavily wounded.
You hit the minotaur but do no damage.
The minotaur is heavily wounded.
The minotaur completely misses you. The minotaur barely misses you.
You hit the minotaur but do no damage. Lightning courses through the minotaur!
The minotaur is severely wounded.
You hit the minotaur but do no damage.
The minotaur is severely wounded.
The minotaur barely misses you. The minotaur misses you.
You hit the minotaur but do no damage.
The minotaur is severely wounded.
You miss the minotaur.
The minotaur is severely wounded.
You hit the minotaur but do no damage.
The minotaur looks as sick as possible!
The minotaur is severely wounded.
The minotaur hits you but does no damage.
The minotaur gores you!
* * * LOW HITPOINT WARNING * * *
You completely miss the minotaur.
The minotaur furiously retaliates!
The minotaur headbutts you.
* * * LOW HITPOINT WARNING * * *
The minotaur is almost dead.
You hit the minotaur but do no damage.
The minotaur looks as sick as possible!
The minotaur is almost dead.
The minotaur hits you but does no damage.
The minotaur gores you!
* * * LOW HITPOINT WARNING * * *
You hit the minotaur but do no damage.
The minotaur is almost dead.
You feel better. The minotaur hits you!!!
You die...

............................
.........≈∩≈...............
##########################
#≈...............§# 8# 8#
#8..©.©.©.©.©.©..8# ## #
#≈...............≈#
#####.###.###.#####
###.###.###.###
#......8H.....#
#.###.###.###.#
#.............#
#######'####### #. ∩. ...
+⌠.. #..⌠


You could see a minotaur (strong, agile, extremely poisoned).

Vanquished Creatures
  Harold (D:11)
  3 hydras
  A two-headed ogre (D:9)
  11 death yaks
  2 tengu warriors (Gauntlet)
  A skyshark (Lair:4)
  Amaemon (D:9)
  10 elephants (Lair:4)
  4 black mambas
  An orange demon (D:9)
  A torpor snail (Lair:2)
  12 cane toads
  An unseen horror (D:11)
  A rime drake (Lair:3)
  Psyche (D:8)
  4 tengu conjurers (Gauntlet)
  An efreet (Gauntlet)
  10 komodo dragons
  A meliai (D:8)
  2 polar bears
  A hornet (Lair:2)
  Grinder (D:5)
  6 dream sheep
  9 blink frogs
  A vampire (D:11)
  6 wyverns
  2 wraiths
  35 yaks
  A fire elemental (Gauntlet)
  2 basilisks
  A steam dragon (D:7)
  A redback (Lair:3)
  2 vampire mosquitoes (D:10)
  Edmund (D:6)
  8 water moccasins
  An acid dragon (D:9)
  2 hell hounds (Gauntlet)
  An orc warrior (D:9)
  3 sky beasts
  2 black bears
  14 wolves
  8 centaurs
  2 kobold brigands (D:9)
  4 bullfrogs
  3 scorpions
  A wight (D:9)
  2 howler monkeys
  2 jellies
  6 hounds
  10 orc priests
  A gnoll bouda (D:6)
  7 iguanas
  Natasha (thrice) (D:2)
  11 orc wizards
  A hell rat (Sewer)
  4 gnolls
  3 adders
  2 river rats (Sewer)
  2 shadow imps
  An ufetubus (D:5)
  A worm (D:3)
  6 dart slugs
  38 orcs
  4 ball pythons
  6 endoplasms
  9 giant cockroaches
  9 goblins
  5 hobgoblins
  3 quokkas
  4 bats
  3 frilled lizards
  14 kobolds
  A kobold skeleton (D:7)
  12 rats
357 creatures vanquished.

Vanquished Creatures (collateral kills)
  An ogre (D:4)
  2 wights (D:9)
  A kobold (D:9)
4 creatures vanquished.

Vanquished Creatures (others)
  3 dancing weapons (D:6)
3 creatures vanquished.

Grand Total: 364 creatures vanquished

Notes
Turn   | Place    | Note
-------+----------+-------------------------------------------
     0 | D:1      | LynnLen the Spriggan Enchanter began the quest for the Orb.
     0 | D:1      | Reached XP level 1. HP: 9/9 MP: 5/5
   270 | D:1      | Reached XP level 2. HP: 12/13 MP: 6/6
   279 | D:1      | Learned a level 2 spell: Ensorcelled Hibernation
  1257 | D:2      | Found Horettat's Jewellery Shoppe.
  1266 | D:2      | Reached XP level 3. HP: 6/17 MP: 2/8
  1321 | D:2      | Learned a level 3 spell: Confusing Touch
  1325 | D:2      | Learned a level 3 spell: Tukima's Dance
  1465 | D:2      | Noticed Natasha
  1871 | D:2      | Found a faded altar of an unknown god.
  2024 | D:2      | Killed Natasha
  2025 | D:2      | Reached skill level 1 in Ice Magic
  2025 | D:2      | Reached XP level 4. HP: 19/21 MP: 9/9
  2102 | D:2      | Noticed Natasha
  2107 | D:2      | Killed Natasha
  2108 | D:2      | Reached skill level 1 in Fighting
  2327 | D:2      | Noticed Natasha
  2363 | D:2      | Killed Natasha
  2364 | D:2      | Reached skill level 5 in Stealth
  2456 | D:3      | Reached XP level 5. HP: 8/25 MP: 7/11
  3291 | D:4      | Reached skill level 5 in Hexes
  3291 | D:4      | Reached XP level 6. HP: 30/30 MP: 12/12
  3924 | D:4      | Noticed a sky beast
  3928 | D:4      | Killed a sky beast
  3982 | D:4      | Found a staircase to the Ecumenical Temple.
  3993 | D:4      | Got the Precepts of Different Bewitchment
  3998 | Temple   | Entered the Ecumenical Temple
  4295 | D:4      | Reached XP level 7. HP: 26/34 MP: 6/14
  4444 | D:4      | Reached skill level 6 in Stealth
  4558 | D:5      | Entered Level 5 of the Dungeon
  4682 | D:5      | Noticed Grinder
  4689 | D:5      | Killed Grinder
  4831 | D:5      | Reached XP level 8. HP: 39/39 MP: 15/15
  5127 | D:5      | Reached skill level 5 in Dodging
  5155 | D:5      | Found a runed translucent door.
  5156 | D:5      | Noticed gummiwulf's ghost (novice HOBe)
  5758 | D:6      | Noticed Edmund
  5766 | D:6      | Killed Edmund
  5789 | D:6      | Reached skill level 7 in Stealth
  5789 | D:6      | Reached skill level 5 in Spellcasting
  5846 | D:6      | Found a glowing drain.
  5887 | Sewer    | Entered a sewer
  6872 | D:6      | Learned a level 4 spell: Cause Fear
  6953 | D:7      | Reached XP level 9. HP: 44/44 MP: 18/18
  7234 | D:7      | Found a runed translucent door.
  7235 | D:7      | Found a basalt altar of Yredelemnul.
  7301 | D:7      | Identified the +2 leather armour of Quiescent Freedom
                  | {Int+5}
  7350 | D:7      | Found a broken altar of Ashenzari.
  7442 | D:7      | Reached skill level 5 in Short Blades
  7442 | D:7      | Reached skill level 8 in Stealth
  8269 | D:8      | Noticed Psyche
  8343 | D:8      | Killed Psyche
  8455 | D:8      | Reached skill level 9 in Stealth
  8458 | D:8      | Reached XP level 10. HP: 49/49 MP: 15/21
  8650 | D:8      | Found a staircase to the Lair.
  9260 | D:8      | Learned a level 3 spell: Summon Guardian Golem
  9264 | Lair:1   | Entered Level 1 of the Lair of Beasts
  9279 | Lair:1   | Found a transporter.
  9283 | Lair:1   | Noticed a moth of wrath
  9284 | Lair:1   | Noticed riellis1's ghost (journeyman MiHu)
  9287 | Lair:1   | Noticed a moth of wrath
  9318 | Lair:1   | Found a transporter.
  9422 | Lair:1   | Noticed a black mamba
  9429 | Lair:1   | Killed a black mamba
  9448 | Lair:1   | Noticed a cane toad
  9452 | Lair:1   | Killed a cane toad
  9453 | Lair:1   | Reached skill level 10 in Stealth
  9453 | Lair:1   | Reached skill level 1 in Summonings
  9628 | Lair:1   | Noticed a black mamba
  9676 | Lair:1   | Killed a black mamba
  9795 | Lair:1   | Reached skill level 5 in Fighting
  9795 | Lair:1   | Reached XP level 11. HP: 43/55 MP: 23/23
 10266 | Lair:1   | Reached skill level 11 in Stealth
 10472 | D:2      | Bought a ring of wizardry for 330 gold pieces
 11427 | Lair:2   | Found a staircase to the Shoals.
 11662 | Lair:2   | Noticed a four-headed hydra
 11704 | Lair:2   | Killed a four-headed hydra
 11999 | Lair:2   | Reached skill level 10 in Short Blades
 12012 | Lair:2   | Learned a level 6 spell: Statue Form
 12343 | Lair:2   | Reached skill level 1 in Transmutations
 12394 | Lair:2   | Reached skill level 1 in Earth Magic
 12399 | Lair:2   | Reached skill level 12 in Stealth
 12402 | Lair:2   | Reached skill level 10 in Dodging
 12402 | Lair:2   | Reached XP level 12. HP: 60/60 MP: 26/26
 13169 | Lair:3   | Found a hole to the Spider Nest.
 13293 | Lair:3   | Noticed a death yak
 13775 | Lair:3   | Noticed a death yak
 13780 | Lair:3   | Noticed a death yak
 13780 | Lair:3   | Noticed a death yak
 13783 | Lair:3   | Noticed a death yak
 13784 | Lair:3   | Noticed a death yak
 13850 | Lair:2   | Killed a death yak
 14041 | Lair:2   | Killed a death yak
 14225 | Lair:2   | Banished a death yak
 14427 | Lair:3   | Noticed an eight-headed hydra
 14453 | Lair:3   | Killed an eight-headed hydra
 14539 | Lair:2   | Killed a death yak
 14540 | Lair:2   | Reached skill level 13 in Stealth
 14540 | Lair:2   | Reached skill level 10 in Spellcasting
 14709 | Lair:2   | Killed a death yak
 14783 | Lair:3   | Killed a death yak
 14784 | Lair:3   | Reached skill level 5 in Transmutations
 15751 | Lair:4   | Found a staircase to the Slime Pits.
 15924 | Lair:4   | Reached XP level 13. HP: 48/67 MP: 26/28
 17342 | Lair:4   | Reached skill level 14 in Stealth
 17878 | Lair:5   | Entered Level 5 of the Lair of Beasts
 18780 | Lair:4   | HP: 3/67 [catoblepas (8)]
 19026 | Lair:4   | Reached skill level 5 in Earth Magic
 20227 | D:9      | Noticed Amaemon
 20776 | D:9      | Killed Amaemon
 20998 | D:9      | Found a staircase to the Orcish Mines.
 21179 | D:10     | Entered Level 10 of the Dungeon
 21412 | D:10     | Found a glowing golden altar of the Shining One.
 21417 | D:10     | Found a stormy altar of Qazlal.
 21418 | D:10     | Found a blossoming altar of Fedhas.
 21418 | D:10     | Found a shadowy altar of Dithmenos.
 21419 | D:10     | Found an iron altar of Okawaru.
 21420 | D:10     | Found a snail-covered altar of Cheibriados.
 21434 | D:10     | Became a worshipper of Dithmenos the Shadowed
 21626 | D:10     | Found a portal to a secret trove of treasure.
 21844 | D:11     | Noticed Harold
 21849 | D:11     | Killed Harold
 21972 | D:11     | Found a gate leading to a gauntlet.
 22200 | Gauntlet | Entered a Gauntlet
 22200 | Gauntlet | Found a transporter.
 22208 | Gauntlet | Found a transporter.
 22210 | Gauntlet | Found a transporter.
 22212 | Gauntlet | Found a transporter.
 22244 | Gauntlet | Found a transporter.
 22244 | Gauntlet | Found a transporter.
 22260 | Gauntlet | Found a transporter.
 22279 | Gauntlet | Found a transporter.
 22286 | Gauntlet | Found a transporter.
 22356 | Gauntlet | Found a transporter.
 22370 | Gauntlet | Found a transporter.
 22633 | Gauntlet | Reached skill level 15 in Stealth
 22640 | Gauntlet | Identified the ring of Yendor {Fly Will+ Int+2 Dex+6}
 22682 | Gauntlet | Found a transporter.
 22686 | Gauntlet | Noticed a quicksilver ooze
 22717 | Gauntlet | Found a transporter.
 22803 | Gauntlet | Identified the amulet "Ockivab" {RegenMP Regen+}
 22829 | Gauntlet | Found a transporter.
 22883 | Gauntlet | Noticed a minotaur
 22938 | Gauntlet | Demolished by a minotaur

Illustrated notes

Levels and vault maps discovered:
D:1:      amcnicky_arrival_blooded_trapdoor, layout_loops_ring
D:2:      layout_basic, shapermc_ecumenical_altar_mp_ritualfount, serial_shops,
          nicolae_diamond_shop, uniq_natasha
D:3:      layout_loops_ring, chequers_serial_rivers_room_a,
          minmay_misc_feat_ornament, grunt_decor_cap
D:4:      minmay_evil_eye, layout_basic, minmay_temple_entry_crystal_x
D:5:      layout_basic, gammafunk_ghost_grave, amcnicky_mini_pool_small,
          grunt_ministairs_6, uniq_grinder
D:6:      layout_basic, gup_sewer_entry_pipe, uniq_edmund
D:7:      layout_loops_ring, dk_yredelemnul_ordeal, lemuel_tele_altar
D:8:      argonaut_augean_stables, layout_layer_cave, david_lair_shrubbed,
          kennysheep_just_a_vault, uniq_psyche
D:9:      layout_basic, orc_0_dummy, uniq_amaemon
D:10:     layout_basic, grunt_temple_overflow_open, nicolae_trove_entry_isolated
D:11:     layout_loops_corners, gauntlet_entry_generic, grunt_livestock,
          uniq_harold
Temple:   dpeg_chambers_temple
Lair:1:   layout_chaotic_city, gammafunk_ghost_berserking_beasts,
          serial_bayou_shore_a, serial_bayou_shore_b,
          infiniplex_staircase_pool_2
Lair:2:   layout_regular_city, minmay_shoals_entry_centaurs, serial_forest,
          infiniplex_forest_clump_long, infiniplex_forest_straight_4,
          infiniplex_forest_clump_diagonal, infiniplex_forest_zigzag_1,
          infiniplex_forest_clump_curved, infiniplex_forest_straight_3,
          lemuel_fruit_tree
Lair:3:   layout_misc_corridors, spider_nest_entry_rubble
Lair:4:   layout_cellular_growth, slime_entry_1, grunt_megastairs_1
Lair:5:   evilmike_catoblepas_cave, layout_loops_ring
Gauntlet: gammafunk_gauntlet_one_two_three [nicolae_gauntlet_arena_quarters,
          gammafunk_gauntlet_arena_split_x, gammafunk_gauntlet_arena_crates,
          gammafunk_gauntlet_arena_split_diamond,
          nicolae_gauntlet_arena_t_cross, gammafunk_gauntlet_arena_spirals,
          gammafunk_gauntlet_arena_teeth, nicolae_gauntlet_arena_blocks,
          gammafunk_gauntlet_arena_mazey, gauntlet_exit_hidden_loot]

Skill      XL: |  1  2  3  4  5  6  7  8  9 10 11 12 13 |
---------------+----------------------------------------+-----
Dodging        | 3 4 5 7 8 10 11 12 | 12.8
Hexes          | 4 5 6 7 8 9 |  9.0
Spellcasting   | 3 4 5 6 7 9 10 11 | 11.6
Ice Magic      | 1 2 3 4 |  4.0
Fighting       | 1 2 3 4 5 7 |  7.9
Short Blades   | 2 3 4 6 8 10 | 10.0
Stealth        | 5 6 7 9 10 12 13 15 | 15.0
Summonings     | 2 3 |  3.4
Transmutations | 1 5 8 |  8.4
Earth Magic    | 1 4 5 |  5.6

Action                     |  1- 3 |  4- 6 |  7- 9 | 10-12 | 13-15 || total
---------------------------+-------+-------+-------+-------+-------++-------
  Melee: Dagger            |    80 |   110 |   185 |   284 |   418 ||  1077
         Punch             |       |     2 |     4 |     8 |     8 ||    22
   Cast: Ensorcelled Hiber |    17 |    39 |    67 |   121 |    72 ||   316
         Tukima's Dance    |       |     1 |     5 |     2 |     8 ||    16
         Confusing Touch   |       |       |     6 |    19 |    22 ||    47
         Statue Form       |       |       |       |       |     1 ||     1
         Summon Guardian G |       |       |       |       |     1 ||     1
    Use: Scroll            |     1 |     5 |     5 |     5 |    12 ||    28
         Potion            |       |     2 |       |     3 |    11 ||    16
   Stab: Sleeping          |    22 |    28 |    54 |    87 |    52 ||   243
         Confused          |       |       |     4 |    15 |    18 ||    37
         Petrifying        |       |       |       |       |     2 ||     2
 Armour: Robe              |     6 |     8 |     9 |     3 |    15 ||    41
         Skin              |       |       |       |       |    18 ||    18
  Dodge: Dodged            |    53 |    65 |   131 |   203 |   291 ||   743
